 Dungeon Crawl Stone Soup version 0.29-a0-352-g0917bc69df (webtiles) character file.

Game seed: 13770965796236862960

2 spaghetti the Destroyer (level 1, 1/13 HPs)
             Began as a Gnoll Wanderer on Apr 24, 2022.
             Quit the game on level 1 of the Dungeon.
             The game lasted 00:00:56 (39 turns).

spaghetti the Destroyer (Gnoll Wanderer)              Turns: 39, Time: 00:00:56

Health: 1/13       AC:  7    Str: 13    XL:     1   Next: 40%
Magic:  0/4        EV:  9    Int: 13    God:
Gold:   8          SH:  0    Dex:  7    Spells: 4/5 levels left

rFire   . . .      SeeInvis .   a - +0 hand crossbow {crossbow}
rCold   . . .      Faith    .   (no shield)
rNeg    . . .      Spirit   .   b - +0 scale mail
rPois   .          Reflect  .   (no helmet)
rElec   .          Harm     .   (no cloak)
rCorr   .          Rampage  .   (no gloves)
Will    .....                   (no boots)
Stlth   ..........              (no amulet)
HPRegen 0.04/turn               (no ring)
MPRegen 0.09/turn               (no ring)

@: no status effects
A: fangs 1, strong nose, distributed training
a: no special abilities


You were on level 1 of the Dungeon.
You visited 1 branch of the dungeon, and saw 1 of its levels.

You collected 8 gold pieces.


Innate Abilities, Weirdness & Mutations

You have very sharp teeth.
Your uncanny sense of smell can sniff out nearby items.
Your experience applies equally to all skills.


   Skills:
 + Level 0.0 Fighting
 + Level 0.0 Short Blades
 + Level 0.0 Long Blades
 + Level 0.0 Axes
 + Level 0.0 Maces & Flails
 + Level 0.0 Polearms
 + Level 0.0 Staves
 + Level 0.0 Slings
 + Level 0.0 Bows
 + Level 2.3 Crossbows
 + Level 0.0 Throwing
 + Level 4.4 Armour
 + Level 0.0 Dodging
 + Level 0.0 Stealth
 + Level 0.0 Shields
 + Level 0.0 Unarmed Combat
 + Level 2.6 Spellcasting
 + Level 8.7 Conjurations
 + Level 0.0 Hexes
 + Level 0.0 Summonings
 + Level 0.0 Necromancy
 + Level 0.0 Translocations
 + Level 0.0 Transmutations
 + Level 0.0 Fire Magic
 + Level 0.0 Ice Magic
 + Level 0.0 Air Magic
 + Level 0.0 Earth Magic
 + Level 0.0 Poison Magic
 + Level 0.1 Invocations
 + Level 2.3 Evocations


You had 4 spell levels left.
You knew the following spells:

 Your Spells              Type           Power      Damage    Failure   Level
a - Magic Dart            Conj           96%        1d7       2%          1

Your spell library contained the following spells:

 Spells                   Type           Power      Damage    Failure   Level
 Foxfire                  Conj/Fire      52%        2x1d6     17%         1
 Shock                    Conj/Air       52%        1d6       17%         1

Inventory:

Hand Weapons
 a - a +0 hand crossbow (weapon) {crossbow}
Armour
 b - a +0 scale mail (worn)

Dungeon Overview and Level Annotations

Branches:
Dungeon (1/15)

Altars:

### .># #.# #.#
#.# #@# #h# #l#
#+ #h#
#.#########.#
####....g....Kg#
...........l.###
..P≈≈P.P≈≈P..#
..≈≈≈≈.≈≈≈≈..#


You could see 2 jackals, a hobgoblin, a kobold and a frilled lizard.


Message History

A frilled lizard comes into view.
Shoot: a) +0 hand crossbow {crossbow}
Press: ? - help, Q - select action, (/) - cycle Shift-Dir - straight line, f/p - jackal
Aim: a jackal (45% to hit)
You shoot a bolt. The kobold shouts!
The bolt hits the jackal.
You hear a shout!
The jackal bites you. x2
A hobgoblin comes into view. 😕 HP[-3]
You take 3 damage, and now have 10/13 hp.
MASSIVE DAMAGE!! (PAUSE)
The jackal bites you but does no damage. 😕 HP[+1] 😕 MP[+1]
The jackal attacks as you move away!
The jackal bites you but does no damage.
The jackal attacks as you move away! The jackal bites you.
The frilled lizard bites you but does no damage.
The jackal bites you but does no damage. 😕 HP[-1]
You take 1 damage, and now have 10/13 hp.
The frilled lizard attacks as you move away!
The frilled lizard barely misses you. The jackal attacks as you move away!
The jackal completely misses you. The jackal attacks as you move away!
The jackal bites you.
Found a stone staircase leading down. 😮 HP[-3]
You take 3 damage, and now have 7/13 hp.
MASSIVE DAMAGE!! (PAUSE)
The jackal attacks as you move away!
The jackal bites you but does no damage.
Casting: Magic Dart (safe; 2% risk of failure)
Confirm with . or Enter, or press ? or * to list all spells.
Aiming: Magic Dart (safe; 2% risk of failure)
Press: ? - help, Shift-Dir - straight line, f/p - jackal
Aim: a jackal (100% to hit)
Okay, then.
You aren't carrying any potions.
Shoot: a) +0 hand crossbow {crossbow}
Press: ? - help, Q - select action, (/) - cycle Shift-Dir - straight line, f/p - jackal
Aim: a jackal (45% to hit)
You shoot a bolt. The bolt barely misses the jackal.
The bolt closely misses the jackal.
The bolt hits the jackal.
The jackal barely misses you. The jackal bites you.
* * * LOW HITPOINT WARNING * * *
The jackal bites you.
* * * LOW HITPOINT WARNING * * *
😱 HP[-4]
You take 4 damage, and now have 3/13 hp.
MASSIVE DAMAGE!! (PAUSE) Shoot: a) +0 hand crossbow {crossbow}
Press: ? - help, Q - select action, (/) - cycle Shift-Dir - straight line, f/p - jackal
Aim: a jackal (lightly wounded, 45% to hit)
You shoot a bolt. The bolt hits the jackal.
The jackal barely misses you.
The jackal bites you but does no damage. 😱 MP[+1] Shoot: a) +0 hand crossbow {crossbow}
Press: ? - help, Q - select action, (/) - cycle Shift-Dir - straight line, f/p - jackal
Aim: a jackal (lightly wounded, 45% to hit)
You shoot a bolt. The bolt closely misses the jackal.
The bolt hits the jackal but does no damage.
The jackal bites you.
* * * LOW HITPOINT WARNING * * *
The jackal bites you but does no damage. 😱 HP[-2]
You take 2 damage, and now have 1/13 hp.
As you read the scroll of fear, it crumbles to dust.
You assume a fearsome visage.
The frilled lizard looks frightened!
The jackal looks frightened! x3; Cornered, the jackal turns to fight! x2
Cornered, the frilled lizard turns to fight!
The jackal attacks as you move away! The jackal barely misses you.
Shoot: a) +0 hand crossbow {crossbow}
Press: ? - help, Q - select action, (/) - cycle Shift-Dir - straight line, f/p - jackal
Aim: a jackal (lightly wounded, 45% to hit)
Okay, then.
You aren't carrying any potions.
Casting: Magic Dart (safe; 2% risk of failure)
Confirm with . or Enter, or press ? or * to list all spells.
Aiming: Magic Dart (safe; 2% risk of failure)
Press: ? - help, Shift-Dir - straight line, f - jackal, p - jackal
Aim: a jackal (severely wounded, 100% to hit)
The magic dart hits the jackal.
You kill the jackal!
Cornered, the jackal turns to fight! 😱 MP[-1]
You lost 1 mp, and now have 1/4 mp.
Casting: Magic Dart (safe; 2% risk of failure)
Confirm with . or Enter, or press ? or * to list all spells.
Aiming: Magic Dart (safe; 2% risk of failure)
Press: ? - help, Shift-Dir - straight line The jackal bites you but does no damage. 😱 MP[-1]
You lost 1 mp, and now have 0/4 mp.
Unknown command.
You aren't carrying any items that you can evoke.
Are you sure you want to abandon this character and quit the game? (Confirm with "yes".)

Action                   || total
-------------------------++-------
 Fire: Hand crossbow     ||     5
 Cast: Magic Dart        ||     6
  Use: Scroll            ||     1
Armor: Scale mail        ||     8
Dodge: Dodged            ||     5

Levels and vault maps discovered:
D:1:      giann_bridges, layout_basic, serial_aquarium, aquarium_bridge_straight
          [aquarium_subvault_bridge, aquarium_subvault_balcony,
          aquarium_subvault_bridge, aquarium_subvault_wall], aquarium_window_1,
          aquarium_window_corridor_3, aquarium_window_1, aquarium_view_4,
          aquarium_view_2d

Notes
Turn   | Place    | Note
-------+----------+-------------------------------------------
     0 | D:1      | spaghetti the Gnoll Wanderer began the quest for the Orb.
     0 | D:1      | spaghetti set off with the following items: a +0 hand
                  | crossbow {crossbow}, a +0 scale mail, a scroll of fear; and
                  | the following spells available to memorise: Magic Dart,
                  | Foxfire, Shock
     0 | D:1      | Reached XP level 1. HP: 13/13 MP: 4/4
     0 | D:1      | magus.rc [v1.9.6]
     2 | D:1      | Learned a level 1 spell: Magic Dart
    31 | D:1      | HP: 3/13 [jackal (2)]
    33 | D:1      | HP: 1/13 [jackal (2)]
    39 | D:1      | Quit the game

Vanquished Creatures
  2 jackals (D:1)
2 creatures vanquished.

Table legend:
 A = Non-vault XP
 B = Vault XP
 C = Vault XP percentage of total XP
 D = Non-vault monster count
 E = Vault monster count
 F = Vault count percentage of total count
                 A         B        C        D         E       F
            +---------+---------+-------+---------+---------+-------
      Total |       4 |       0 |   0.0 |       2 |       0 |   0.0
            +---------+---------+-------+---------+---------+-------
        D:1 |       4 |       0 |   0.0 |       2 |       0 |   0.0
            +---------+---------+-------+---------+---------+-------

Illustrated notes

Table legend:
 A = Kills in this place as a percentage of kills in entire the game.
 B = Kills by you in this place as a percentage of kills by you in the entire game.
 C = Kills by friends in this place as a percentage of kills by friends in the entire game.
 D = Other kills in this place as a percentage of other kills in the entire game.
 E = Experience gained in this place as a percentage of experience gained in the entire game.
 F = Experience gained in this place divided by the number of levels of this place that you have seen.
                   A       B       C       D       E      F
               +-------+-------+-------+-------+-------+----------------------
         Total | 100.0 | 100.0 |   N/A |   N/A | 100.0 |   4.0
       Dungeon | 100.0 | 100.0 |   N/A |   N/A | 100.0 |   4.0
               +-------+-------+-------+-------+-------+----------------------

Table legend: (Time is in decaauts)
 A = Elapsed time spent in this place.
 B = Non-inter-level travel time spent in this place.
 C = Inter-level travel time spent in this place.
 D = Time resting spent in this place.
 E = Time spent auto-exploring this place.
 F = Levels seen in this place.
 G = Mean time per level.
                   A        B        C        D        E       F      G
               +--------+--------+--------+--------+--------+-----+--------+
         Total |     46 |     46 |      0 |      0 |     12 |   1 |   46.0 |
       Dungeon |     46 |     46 |      0 |      0 |     12 |   1 |   46.0 |
               +--------+--------+--------+--------+--------+-----+--------+

Top non-repeatable levels by time:
     D:1: 46 daAuts
